 Dungeon Crawl Stone Soup version 0.27-a0-1416-g941b2bd30b (webtiles) character file.

Game seed: 17007019014059622388

944 lunkers the Insei (level 8, -9/60 HPs)
             Began as a Gnoll Transmuter on July 2, 2021.
             Mangled by a gargoyle (23 damage)
             ... on level 10 of the Dungeon.
             The game lasted 00:05:57 (5194 turns).

lunkers the Insei (Gnoll Transmuter)                Turns: 5194, Time: 00:05:57

Health: -9/60      AC:  2    Str:  9    XL:     8   Next: 12%
Magic:  15/16      EV: 25    Int: 15    God:
Gold:   181        SH:  0    Dex: 24    Spells: 8/18 levels left

rFire    . . .     SeeInvis .     - Unarmed
rCold    . . .     Faith    .   (shield currently unavailable)
rNeg     . . .     Spirit   .   (armour currently unavailable)
rPois    x         Reflect  .   (helmet currently unavailable)
rElec    .         Harm     .   (cloak currently unavailable)
rCorr    .         Rampage  .   (gloves currently unavailable)
Will     .....                  (boots currently unavailable)
Stlth    +++.......             (no amulet)
HPRegen  0.20/turn              e - +4 ring of slaying
MPRegen  0.15/turn              q - +6 ring of dexterity

@: about to teleport, spider-form (expiring)
A: venomous fangs, tiny, (fangs 1), strong nose, distributed training
a: End Transformation


You were on level 10 of the Dungeon.
You were a venomous arachnid creature.
You visited 1 branch of the dungeon, and saw 6 of its levels.

You collected 181 gold pieces.

Inventory:

Armour
 a - a +0 robe (melded)
 m - a +0 cloak (melded)
Jewellery
 e - a +4 ring of slaying (left front leg)
 g - a +4 ring of protection
 q - a +6 ring of dexterity (right front leg)
Scrolls
 f - 2 scrolls of identify
 i - a scroll of fog {unknown}
 j - a scroll of acquirement {unknown}
 n - a scroll of amnesia {unknown}
 o - a scroll of enchant weapon {unknown}
 p - a scroll of enchant armour {unknown}
Potions
 b - a potion of brilliance
 c - a potion of magic {unknown}
 h - 2 potions of attraction {unknown}
 k - a potion of lignification {unknown}
 l - a potion of flight {unknown}


   Skills:
 + Level 4.0 Fighting
 + Level 3.0 Short Blades
 + Level 3.0 Long Blades
 + Level 3.0 Axes
 + Level 3.0 Maces & Flails
 + Level 3.0 Polearms
 + Level 3.0 Staves
 + Level 3.0 Slings
 + Level 3.0 Bows
 + Level 3.0 Crossbows
 + Level 3.0 Throwing
 + Level 3.0 Armour
 + Level 5.5 Dodging
 + Level 3.0 Stealth
 + Level 3.0 Shields
 + Level 7.2 Unarmed Combat
 + Level 5.9 Spellcasting
 + Level 2.4 Conjurations
 + Level 2.4 Hexes
 + Level 2.4 Summonings
 + Level 2.4 Necromancy
 + Level 2.4 Translocations
 + Level 4.5 Transmutations
 + Level 2.4 Fire Magic
 + Level 2.4 Ice Magic
 + Level 2.4 Air Magic
 + Level 2.4 Earth Magic
 + Level 2.4 Poison Magic
 + Level 3.3 Invocations
 + Level 3.0 Evocations


You had 8 spell levels left.
You knew the following spells:

 Your Spells              Type           Power      Damage    Failure   Level
b - Wereblood             Tmut           18%        N/A       12%         2
c - Spider Form           Tmut/Pois      7%         N/A       26%         3
d - Ice Form              Ice/Tmut       14%        N/A       56%         4
p - Beastly Appendage     Tmut           36%        N/A       9%          1

Your spell library contained the following spells:

 Spells                   Type           Power      Damage    Failure   Level
 Sting                    Tmut/Pois      56%        1d5       12%         1
 Magic Dart               Conj           44%        1d5       16%         1
 Poisonous Vapours        Pois/Air       22%        N/A       22%         2
 Searing Ray              Conj           22%        3d3       22%         2
 Airstrike                Air            5%         N/A       71%         4
 Fulminant Prism          Conj/Hex       5%         3d7       71%         4
 Olgreb's Toxic Radiance  Pois           11%        N/A       71%         4
 Summon Lightning Spire   Summ/Air       11%        N/A       71%         4
 Lightning Bolt           Conj/Air       5%         1d17      94%         5
 Ozocubu's Refrigeration  Ice            5%         4d6       100%        7
 Shatter                  Erth           5%         3d8*      100%        9


Dungeon Overview and Level Annotations

Branches:
Dungeon (7/15)
 Temple: D:4-7

Altars:


Innate Abilities, Weirdness & Mutations

You are a venomous arachnid creature.
You have poisonous fangs.
You are tiny and dextrous.
Your spellcasting is less reliable in this form.
Your armour is entirely melded.
You are incapable of wielding weapons or throwing items.
((You have very sharp teeth.))
Your uncanny sense of smell can sniff out nearby items.
Your experience applies equally to all skills.


Message History

The stone arrow misses you.
The gargoyle hurls a stone arrow at you.
The stone arrow hits you!!
You hit the gargoyle but do no damage. The gargoyle hits you with a +0 mace!
* * * LOW HITPOINT WARNING * * *
You hit the gargoyle.
The gargoyle is lightly damaged.
Unknown command.
You hit the gargoyle but do no damage.
The gargoyle is lightly damaged.
The gargoyle misses you.
Unknown command.
You hit the gargoyle but do no damage.
The gargoyle is lightly damaged.
Your transformation is almost over.
The gargoyle hits you with a +0 mace.
* * * LOW HITPOINT WARNING * * *
You barely miss the gargoyle.
The gargoyle is lightly damaged.
The gargoyle misses you.
Unknown command.
You hit the gargoyle but do no damage.
The gargoyle is lightly damaged.
The gargoyle hurls a stone arrow at you.
The stone arrow hits you!
* * * LOW HITPOINT WARNING * * *
You aren't carrying any items that you can evoke.
Okay, then.
As you read the scroll of teleportation, it crumbles to dust.
You feel strangely unstable. The gargoyle closely misses you.
Unknown command.
You completely miss the gargoyle.
The gargoyle is lightly damaged.
The gargoyle hurls a stone arrow at you.
The stone arrow misses you.
Unknown command.
You hit the gargoyle but do no damage.
The gargoyle is lightly damaged.
The gargoyle hits you with a +0 mace!!
You die...

∆ z.#... ###...(<#
####### #......# ......
##.#......# #
#...##....#......#.. #
#.#..9......'$........
#.#.#..s#######...#...#.
........................
###...........#)......#
#..../..............#.
#.....................
#................#####
#.....................
##..........#....####.
#..........#....# #.


You could see a gargoyle.

Vanquished Creatures
  2 vampire mosquitoes
  An ogre (D:3)
  A phantom (D:2)
  A water moccasin skeleton (D:4)
  4 killer bees (D:10)
  A wight (D:10)
  Crazy Yiuf (D:3)
  A hound (D:3)
  A bullfrog skeleton (D:7)
  2 orc wizards
  A hound skeleton (D:4)
  3 adders
  A worm (D:2)
  A dart slug (D:4)
  6 orcs
  3 ball pythons
  2 bats
  15 endoplasms
  4 giant cockroaches (D:1)
  4 goblins
  8 hobgoblins
  15 jackals
  3 quokkas
  13 frilled lizards
  4 kobolds
  17 rats
115 creatures vanquished.

Notes
Turn   | Place    | Note
-------+----------+-------------------------------------------
     0 | D:1      | lunkers the Gnoll Transmuter began the quest for the Orb.
     0 | D:1      | Reached XP level 1. HP: 17/17 MP: 6/6
     1 | D:1      | Found a runed translucent door.
    29 | D:1      | Reached XP level 2. HP: 22/23 MP: 5/7
    42 | D:1      | Learned a level 2 spell: Wereblood
   421 | D:1      | Reached XP level 3. HP: 17/28 MP: 6/9
   630 | D:1      | Reached skill level 5 in Spellcasting
  1005 | D:1      | Learned a level 3 spell: Spider Form
  1015 | D:1      | Reached skill level 1 in Invocations
  1027 | D:1      | Reached skill level 1 in Short Blades
  1027 | D:1      | Reached skill level 1 in Long Blades
  1027 | D:1      | Reached skill level 1 in Axes
  1027 | D:1      | Reached skill level 1 in Maces & Flails
  1027 | D:1      | Reached skill level 1 in Polearms
  1027 | D:1      | Reached skill level 1 in Staves
  1027 | D:1      | Reached skill level 1 in Slings
  1027 | D:1      | Reached skill level 1 in Bows
  1027 | D:1      | Reached skill level 1 in Crossbows
  1027 | D:1      | Reached skill level 1 in Throwing
  1027 | D:1      | Reached skill level 1 in Armour
  1027 | D:1      | Reached skill level 1 in Stealth
  1027 | D:1      | Reached skill level 1 in Shields
  1027 | D:1      | Reached skill level 1 in Evocations
  1253 | D:2      | Reached XP level 4. HP: 34/34 MP: 7/11
  1841 | D:2      | Found a faded altar of an unknown god.
  2166 | D:2      | Noticed a phantom
  2184 | D:2      | Killed a phantom
  2185 | D:2      | Reached skill level 1 in Conjurations
  2185 | D:2      | Reached skill level 1 in Hexes
  2185 | D:2      | Reached skill level 1 in Summonings
  2185 | D:2      | Reached skill level 1 in Necromancy
  2185 | D:2      | Reached skill level 1 in Translocations
  2185 | D:2      | Reached skill level 1 in Fire Magic
  2185 | D:2      | Reached skill level 1 in Ice Magic
  2185 | D:2      | Reached skill level 1 in Air Magic
  2185 | D:2      | Reached skill level 1 in Earth Magic
  2185 | D:2      | Reached skill level 1 in Poison Magic
  2185 | D:2      | Reached XP level 5. HP: 30/40 MP: 7/12
  2445 | D:3      | Noticed an ogre
  2450 | D:3      | Killed an ogre
  2451 | D:3      | Reached XP level 6. HP: 47/47 MP: 9/13
  3157 | D:3      | Found a runed translucent door.
  3158 | D:3      | Noticed Crazy Yiuf
  3193 | D:3      | Reached skill level 5 in Dodging
  3348 | D:3      | Killed Crazy Yiuf
  4183 | D:4      | Reached XP level 7. HP: 48/52 MP: 11/15
  4210 | D:4      | You fall into a shaft and drop 3 floors!
  4210 | D:7      | Noticed a vampire mosquito
  4212 | D:7      | Noticed a vampire mosquito
  4219 | D:7      | Noticed a vampire mosquito
  4238 | D:7      | Killed a vampire mosquito
  4239 | D:7      | Reached skill level 7 in Unarmed Combat
  4262 | D:7      | You fall into a shaft and drop 3 floors!
  4262 | D:10     | Entered Level 10 of the Dungeon
  4746 | D:10     | Learned a level 4 spell: Ice Form
  4757 | D:10     | Noticed a vampire mosquito
  4775 | D:10     | Killed a vampire mosquito
  4776 | D:10     | Reached XP level 8. HP: 29/60 MP: 14/16
  5057 | D:10     | Noticed a gargoyle
  5194 | D:10     | Mangled by a gargoyle

Illustrated notes

Levels and vault maps discovered:
D:1:      dpeg_arrival_caged_fury, layout_rooms, minmay_lizard_pond
D:2:      layout_loops_corners, hellmonk_ecumenical_altar_blasted,
          kennysheep_doodads
D:3:      layout_loops_cross, solitary_fountain, uniq_crazy_yiuf_cottage
D:4:      layout_loops_ring
D:7:      layout_rooms, nicolae_overflow_quartered_altars, grunt_decor_junction,
          nrook_mini_backslash, uniq_maggie
D:10:     layout_basic, orc_0_dummy, nicolae_trove_entry_crystal

Skill      XL: |  1  2  3  4  5  6  7  8 |
---------------+-------------------------+-----
Spellcasting   | 5 |  5.9
Invocations    | 1 2 3 |  3.3
Short Blades   | 1 2 3 |  3.0
Long Blades    | 1 2 3 |  3.0
Axes           | 1 2 3 |  3.0
Maces & Flails | 1 2 3 |  3.0
Polearms       | 1 2 3 |  3.0
Staves         | 1 2 3 |  3.0
Slings         | 1 2 3 |  3.0
Bows           | 1 2 3 |  3.0
Crossbows      | 1 2 3 |  3.0
Throwing       | 1 2 3 |  3.0
Armour         | 1 2 3 |  3.0
Stealth        | 1 2 3 |  3.0
Shields        | 1 2 3 |  3.0
Evocations     | 1 2 3 |  3.0
Conjurations   | 1 2 |  2.4
Hexes          | 1 2 |  2.4
Summonings     | 1 2 |  2.4
Necromancy     | 1 2 |  2.4
Translocations | 1 2 |  2.4
Fire Magic     | 1 2 |  2.4
Ice Magic      | 1 2 |  2.4
Air Magic      | 1 2 |  2.4
Earth Magic    | 1 2 |  2.4
Poison Magic   | 1 2 |  2.4
Fighting       | 3 4 |  4.0
Transmutations | 4 |  4.5
Dodging        | 5 |  5.5
Unarmed Combat | 7 |  7.2

Action                   |  1- 3 |  4- 6 |  7- 9 || total
-------------------------+-------+-------+-------++-------
Melee: Unarmed           |    93 |   109 |    78 ||   280
       Kick              |    15 |     3 |       ||    18
       Punch             |     2 |       |       ||     2
       Headbutt          |     8 |     1 |       ||     9
       Bite              |     4 |       |       ||     4
 Cast: Beastly Appendage |    14 |    11 |       ||    25
       Wereblood         |    10 |    10 |     2 ||    22
       Spider Form       |       |    21 |     9 ||    30
  Use: Scroll            |       |       |     3 ||     3
 Stab: Sleeping          |       |     3 |       ||     3
Armor: Robe              |     7 |     7 |       ||    14
       Skin              |       |     3 |     5 ||     8
Dodge: Dodged            |    38 |    67 |    80 ||   185

Table legend: (Time is in decaauts)
 A = Elapsed time spent in this place.
 B = Non-inter-level travel time spent in this place.
 C = Inter-level travel time spent in this place.
 D = Time resting spent in this place.
 E = Time spent auto-exploring this place.
 F = Levels seen in this place.
 G = Mean time per level.
                   A        B        C        D        E       F      G
               +--------+--------+--------+--------+--------+-----+--------+
         Total |   5157 |   5085 |     72 |    674 |   3688 |   6 |  859.5 |
       Dungeon |   5157 |   5085 |     72 |    674 |   3688 |   6 |  859.5 |
               +--------+--------+--------+--------+--------+-----+--------+

Top non-repeatable levels by time:
     D:3: 1323 daAuts
     D:2: 1257 daAuts
     D:1: 1031 daAuts
    D:10: 925 daAuts
     D:4: 570 daAuts
     D:7: 48 daAuts
